Cogmind - Beta 13 @@@ ROGUE MODE // 2024.06.27 @ 23:10:04 Player: harambe Result: Destroyed by Y-54 Guardian with Gatling Laser Performance ------------- Evolutions (3) 1500 Regions Visited (6) 1200 Robots Destroyed (64) 320 Value Destroyed (2177) 2177 Prototype IDs (3) 60 Alien Tech Used (0) 0 Bonus (182) 182 TOTAL SCORE: 5439 Bonus ------- High Alert Combat Kills 154 Follower Combat Kills 58 Entered Garrisons 200 Friendly Fire -230 Cogmind --------- Core Integrity 0/700 Matter 6/300 Energy 33/280 System Corruption 7% Temperature Critical (700) Movement Core (800) Ox15 Location -7/Garrison Parts ------- > --- POWER (1) -------- Cooled Ion Engine > --- PROPULSION (2) --- (None) > --- UTILITY (6) ------ High-capacity Storage Unit Signal Interpreter Improved Targeting Computer > --- WEAPON (4) ------- (None) > --- INVENTORY (20) --- Advanced Treads Titanium Leg Improved Carbon-fiber Leg Small Storage Unit Advanced Terrain Scan Processor Recalibrator Heavy Assault Rifle Grenade Launcher Grenade Launcher Peak State ------------ > --- POWER ------------ Cooled Ion Engine > --- PROPULSION ------- Improved Treads Advanced Treads > --- UTILITY ---------- High-capacity Storage Unit Signal Interpreter Improved Medium Armor Plating Improved Medium Armor Plating Improved Medium Armor Plating Powered Armor > --- WEAPON ----------- Shock Rifle Particle Gun Gatling Laser Grenade Launcher > --- INVENTORY -------- Cooled Ion Engine Advanced Treads Titanium Leg Improved Carbon-fiber Leg Small Storage Unit Advanced Terrain Scan Processor Improved Targeting Computer Hardened Heavy Armor Plating Recalibrator Heavy EM Pulse Gun Particle Gun Pulse Rifle Heavy Assault Rifle High-powered Shotgun Assault Cannon Grenade Launcher Flail [Rating: 41] Favorites ----------- Power Cooled Ion Engine Engine Cooled Ion Engine Propulsion Improved Aluminum Leg Treads Advanced Treads Leg Improved Aluminum Leg Wheel Wheel Utility High-capacity Storage Unit Device Advanced Weight Redist. System Storage High-capacity Storage Unit Processor Signal Interpreter Protection Hardened Medium Armor Plating Weapon Shock Rifle Energy Gun Shock Rifle Ballistic Gun Assault Rifle Ballistic Cannon Assault Cannon Launcher Grenade Launcher Special Weapon Mining Laser Impact Weapon Flail Build | -11 -10 -10 -9 -8 -7 -7 ------- Run | Yrd Mat Min Mat Mat Fac Gar Slots Evolved 6 | . . . 2 2 2 . Power . | . . . . . . . Propulsion . | . . . . . . . Utility 4 | . . . 1 2 1 . Weapon 2 | . . . 1 . 1 . Parts Attached 105 | 10 15 3 19 34 7 17 Power 9 | 1 3 . 3 1 . 1 Engine 9 | 1 3 . 3 1 . 1 Core . | . . . . . . . Reactor . | . . . . . . . Propulsion 20 | 5 2 . 3 10 . . Treads 3 | . . . . 3 . . Leg 10 | 3 2 . 1 4 . . Wheel 7 | 2 . . 2 3 . . Hover . | . . . . . . . Flight . | . . . . . . . Utility 26 | 1 4 . 5 7 3 6 Device 10 | 1 3 . 3 3 . . Storage 4 | . 1 . 2 1 . . Processor 2 | . . . . 1 . 1 Hackware . | . . . . . . . Protection 10 | . . . . 2 3 5 Artifact . | . . . . . . . Weapon 50 | 3 6 3 8 16 4 10 Energy Gun 30 | 2 5 1 5 7 4 6 Energy Cannon . | . . . . . . . Ballistic Gun 6 | 1 . 1 1 2 . 1 Ballistic Cannon 1 | . . . . . . 1 Launcher 8 | . 1 . 2 4 . 1 Special Weapon 2 | . . 1 . 1 . . Impact Weapon 3 | . . . . 2 . 1 Slashing Weapon . | . . . . . . . Piercing Weapon . | . . . . . . . Special Melee Weapon . | . . . . . . . Unidentified Prototypes 3 | . . . 3 . . . Parts Lost 34 | . 1 1 2 12 1 17 Power 2 | . . . 1 . . 1 Propulsion 7 | . . . . 5 . 2 Utility 8 | . . . . 2 1 5 Weapon 17 | . 1 1 1 5 . 9 Highest Loss Streak 17 | . 1 1 1 3 1 17 To Critical Strikes . | . . . . . . . Average Slot Usage (%) 97 | . 96 100 98 96 99 90 Engine 10 | . 14 14 10 9 7 6 Treads 4 | . . . . 6 15 13 Leg 11 | . 28 28 15 1 . . Wheel 3 | . . . 6 6 . . Device 16 | . 15 14 21 19 10 . Storage 9 | . 8 14 11 9 7 7 Processor 3 | . . . . 6 7 7 Protection 6 | . . . . 9 19 24 Energy Gun 12 | . 19 13 14 6 14 14 Ballistic Gun 6 | . 1 11 7 10 . 1 Launcher 6 | . 7 . 10 6 7 5 Impact Weapon 2 | . . . . 2 7 5 Naked Turns . | . . . . . . . Heaviest Build 91 | 8 17 17 67 70 83 91 Greatest Support 54 | 20 26 26 26 54 54 45 Greatest Overweight (x) 15 | . . . 5 6 1 15 Average Overweight (x) 1 | . . . 1 2 1 1 Largest Inventory Capacity 20 | 5 8 8 20 20 20 20 Average Capacity 16 | 5 6 8 18 20 20 20 Most Carried 20 | 5 8 8 20 20 20 20 Average Carried 13 | 2 5 6 14 18 19 18 Final Capacity 20 | 5 8 8 20 20 20 20 Final Carried 20 | 4 8 7 20 20 19 9 Class Distribution -------------------- 36% | Mutant 32% | Tank 30% | Skirmisher Dominant Class ---------------- Mutant | -10/Materials Mutant | -10/Mines Skirmisher | -9/Materials Tank | -8/Materials Tank | -7/Factory Tank | -7/Garrison Resources | -11 -10 -10 -9 -8 -7 -7 ----------- Run | Yrd Mat Min Mat Mat Fac Gar Matter Collected 1723 | 312 101 98 508 483 146 75 Remotely . | . . . . . . . Salvage Created 1844 | 46 174 98 530 744 76 176 Parts 112 | 2 14 12 30 44 1 9 Haulers Intercepted . | . . . . . . . Recyclers Shooed 2 | . . . 2 . . . Parts Field Recycled . | . . . . . . . Retrieved Matter . | . . . . . . . Parts Self-Destructed . | . . . . . . . Prevented . | . . . . . . . Kills | -11 -10 -10 -9 -8 -7 -7 ------- Run | Yrd Mat Min Mat Mat Fac Gar Combat Hostiles Destroyed 57 | 1 7 8 18 18 1 4 Melee 1 | . . . . 1 . . Guns 20 | 1 3 4 3 6 1 2 Cannons 5 | . . 4 . . . 1 AOE 29 | . 4 . 15 10 . . Classes Destroyed 10 | 1 2 . 3 3 1 . Worker 1 | . 1 . . . . . Builder 2 | . . . . 2 . . Recycler 1 | . . . 1 . . . Drone 1 | . . . . 1 . . Watcher 3 | . . . 1 1 1 . Swarmer 15 | . 3 6 6 . . . Grunt 28 | 1 4 2 8 12 . 1 Sentry 9 | . . . 4 3 . 2 Hunter 3 | . . . . 3 . . Programmer 2 | . . . . . 1 1 Best Kill Streak 7 | 1 4 3 4 7 1 2 Combat Bots Only 5 | 1 3 3 3 5 1 2 Max Kills in Single Turn 3 | 1 2 2 3 3 1 1 Gunslinging 1 | . . 1 . . . . Exploded 3 | . 2 . 3 3 . . Melee 1 | . . . . 1 . . Uniques/NPCs Destroyed . | . . . . . . . Combat | -11 -10 -10 -9 -8 -7 -7 -------- Run | Yrd Mat Min Mat Mat Fac Gar Hostile Shots Fired 688 | 6 48 38 54 104 18 420 Missed 151 | 1 20 13 15 24 3 75 Damage Taken 6005 | 54 286 248 560 1459 312 3086 Core 1049 | 10 40 47 73 177 71 631 Absorbed by Shields . | . . . . . . . Redirected to Shielding 36 | . . . . 36 . . Core Remaining (%) 76 | 96 . 61 81 67 . . Volleys Fired 135 | 4 24 16 25 40 5 21 Largest 4 | 2 2 2 3 3 2 4 Hottest 170 | 60 110 145 130 168 115 170 Shots Fired 303 | 8 38 32 71 102 7 45 Gun 235 | 8 32 24 49 78 7 37 Cannon 2 | . . . . . . 2 Launcher 56 | . 6 . 22 22 . 6 Special 10 | . . 8 . 2 . . Kinetic 77 | 4 . 7 17 40 . 9 Thermal 78 | . 10 16 7 27 2 16 Explosive 56 | . 6 . 22 22 . 6 Electromagnetic 90 | 4 22 9 25 11 5 14 Robot Hit Streak 9 | 3 5 6 9 9 1 9 Robot Miss Streak 7 | 1 7 4 4 5 5 7 Penetration Max 1 | . . . . 1 . . Secondary Targets 1 | . . 1 . . . . Max Gunslinging Chain 1 | . . 1 . . . . Shots Hit Robots 191 | 5 13 19 44 64 7 39 Core Hits 137 | 1 17 9 39 51 2 18 Critical Kills 1 | . . . . 1 . . Critical Parts Destroyed 2 | . . . 1 . . 1 Critical Strikes 10 | . . 1 2 3 . 4 Burn 4 | . . . 1 2 . 1 Destroy 3 | . . . 1 1 . 1 Corrupt 2 | . . 1 . . . 1 Smash 1 | . . . . . . 1 Melee Attacks 21 | . . . . 7 7 7 Impact 21 | . . . . 7 7 7 Slashing . | . . . . . . . Piercing . | . . . . . . . Sneak Attacks 1 | . . . . . 1 . Combat Hostiles . | . . . . . . . Follow-up Attacks . | . . . . . . . Damage Inflicted 5859 | 66 460 320 1646 2288 257 822 Guns 2238 | 66 169 200 526 803 18 456 Cannons 51 | . . . . . . 51 Explosions 2892 | . 291 . 1120 1316 . 165 Melee 558 | . . . . 169 239 150 Ramming . | . . . . . . . Kinetic 848 | 51 . 46 199 433 . 119 Thermal 934 | . 78 170 124 321 15 226 Explosive 2843 | . 291 . 1071 1316 . 165 Electromagnetic 676 | 15 91 104 252 49 3 162 Impact 558 | . . . . 169 239 150 Slashing . | . . . . . . . Piercing . | . . . . . . . Highest Corruption 7 | . . . 2 . 2 7 Average Corruption 2 | . . . 2 . 1 2 Corruption Purged . | . . . . . . . Corruption Blocked . | . . . . . . . Effects 9 | . . . 1 . . 8 Message Errors 3 | . . . 1 . . 2 Matter Fused 2 | . . . . . . 2 Heat Flow Errors 3 | . . . . . . 3 Energy Discharges 1 | . . . . . . 1 Overload Shots . | . . . . . . . Overflow Damage 197 | . . . 24 97 76 . Projectiles . | . . . . . . . Explosions 82 | . . . 24 58 . . Melee 115 | . . . . 39 76 . Knockbacks 3 | . . . . 1 2 . Impact 3 | . . . . 1 2 . Kinetic . | . . . . . . . Secondary . | . . . . . . . Self-Inflicted Damage 339 | . 19 . 64 256 . . Shots 12 | . 1 . 6 5 . . Rammed . | . . . . . . . Targets Rammed . | . . . . . . . Kicked . | . . . . . . . Crushed . | . . . . . . . Highest Temperature 848 | 24 302 228 237 280 60 848 Average Temperature 143 | 15 117 90 47 80 27 361 Received Heat Transfer 1383 | 30 69 54 183 423 . 624 Effects 46 | . 3 . . . . 43 Shutdowns 3 | . . . . . . 3 Energy Bleed 5 | . . . . . . 5 Interference 8 | . 3 . . . . 5 Matter Decay 5 | . . . . . . 5 Short Circuit 1 | . . . . . . 1 Damage (minor) 7 | . . . . . . 7 Damage (major) 15 | . . . . . . 15 Damage (core) 2 | . . . . . . 2 Siege Activations . | . . . . . . . Robots Corrupted 1 | . . . . . . 1 Combat Hostiles 1 | . . . . . . 1 Parts Fried . | . . . . . . . Impact Corruptions 4 | . . . . 1 3 . Robots Melted 1 | . . . . 1 . . Combat Hostiles 1 | . . . . 1 . . Parts Melted 5 | . 1 2 1 1 . . Heat Transferred 2313 | . 185 398 346 962 37 385 Parts Sabotaged . | . . . . . . . Parts Stolen . | . . . . . . . Parts Stripped . | . . . . . . . Power Chain Reactions 1 | . . . 1 . . . Alert | -11 -10 -10 -9 -8 -7 -7 ------- Run | Yrd Mat Min Mat Mat Fac Gar Peak Influence 558 | 20 273 303 541 558 258 140 Initial 228 | . 13 106 39 228 216 43 Average 257 | 5 141 203 284 404 194 76 Maximum Alert Level 2 | . 1 1 2 2 1 . Low Security (%) 35 | 100 69 51 35 . 16 100 Level 1 39 | . 30 48 30 42 83 . Level 2 24 | . . . 34 57 . . Level 3 . | . . . . . . . Level 4 . | . . . . . . . Level 5 . | . . . . . . . High Security . | . . . . . . . Max Security . | . . . . . . . Squads Dispatched 12 | . 2 . 3 6 1 . Investigation 1 | . . . 1 . . . Extermination 1 | . . . . . 1 . Reinforcement 7 | . 2 . 2 3 . . Assault . | . . . . . . . Garrison 3 | . . . . 3 . . Intercept . | . . . . . . . Searches Triggered . | . . . . . . . Construction Impeded 1 | . . . . 1 . . Haulers Reinforced . | . . . . . . . Active Scanning Responses . | . . . . . . . Cargo Convoy Interrupts . | . . . . . . . Stealth | -11 -10 -10 -9 -8 -7 -7 --------- Run | Yrd Mat Min Mat Mat Fac Gar Distress Signals 4 | . . 1 2 1 . . Communications Jammed . | . . . . . . . Distress Signals . | . . . . . . . Times Spotted 82 | 1 9 8 28 26 3 7 Peak Tracking Total 5 | 1 5 3 5 4 2 5 Tactical Retreats 3 | . . . 2 1 . . Traps | -11 -10 -10 -9 -8 -7 -7 ------- Run | Yrd Mat Min Mat Mat Fac Gar Traps Triggered 5 | . 1 . 1 . 1 2 Indirectly . | . . . . . . . Trap Hack Attempts . | . . . . . . . Triggered . | . . . . . . . Disarmed . | . . . . . . . Reprogrammed . | . . . . . . . Reused . | . . . . . . . Traps Extracted . | . . . . . . . Installed . | . . . . . . . Triggered . | . . . . . . . Machines | -11 -10 -10 -9 -8 -7 -7 ---------- Run | Yrd Mat Min Mat Mat Fac Gar Machines Disabled 5 | . 1 . 3 1 . . Max in Single Turn 1 | . 1 . 1 1 . . Machines Repaired . | . . . . . . . Machines Dismantled . | . . . . . . . Machines Sabotaged . | . . . . . . . Overloaded Fab Kills . | . . . . . . . Hacking | -11 -10 -10 -9 -8 -7 -7 --------- Run | Yrd Mat Min Mat Mat Fac Gar Machines Accessed 11 | . 2 2 3 3 1 . Terminals 4 | . . 1 2 1 . . Fabricators . | . . . . . . . Repair Stations 1 | . 1 . . . . . Recycling Units 2 | . 1 . . 1 . . Scanalyzers 1 | . . . 1 . . . Garrison Access 2 | . . . . 1 1 . Total Hacks 23 | . 6 4 7 5 1 . Successful 16 | . 3 3 5 4 1 . Failed 7 | . 3 1 2 1 . . Catastrophic 1 | . . 1 . . . . Database Lockouts . | . . . . . . . Manual . | . . . . . . . Terminals 9 | . . 3 3 3 . . Fabricators . | . . . . . . . Repair Stations 2 | . 2 . . . . . Recycling Units 5 | . 4 . . 1 . . Scanalyzers 4 | . . . 4 . . . Garrison Access 2 | . . . . 1 1 . Terminal Hacks 6 | . . 3 1 2 . . Record 4 | . . 2 . 2 . . Open Door 1 | . . 1 . . . . Locate Traps 1 | . . . 1 . . . Fabricator Hacks . | . . . . . . . Repair Station Hacks . | . . . . . . . Recycling Unit Hacks 4 | . 3 . . 1 . . Recycle Component 1 | . 1 . . . . . Report Inventory 2 | . 1 . . 1 . . Retrieve Components 1 | . 1 . . . . . Scanalyzer 4 | . . . 4 . . . Insert Component 2 | . . . 2 . . . Analyze 2 | . . . 2 . . . Garrison Access Hacks 2 | . . . . 1 1 . Unlock Access 2 | . . . . 1 1 . Unauthorized Hacks . | . . . . . . . Terminals . | . . . . . . . Fabricators . | . . . . . . . Repair Stations . | . . . . . . . Recycling Units . | . . . . . . . Scanalyzers . | . . . . . . . Garrison Access . | . . . . . . . Data Cores Recovered . | . . . . . . . Used . | . . . . . . . Hacking Detections 7 | . 1 1 3 1 1 . Full Trace Events 2 | . 1 . 1 . . . Feedback Events . | . . . . . . . Feedback Blocked . | . . . . . . . Robot Schematics Acquired . | . . . . . . . Robots Built . | . . . . . . . Authchips . | . . . . . . . Time . | . . . . . . . Total Robot Build Rating . | . . . . . . . Part Schematics Acquired 2 | . . . 2 . . . Parts Built . | . . . . . . . Authchips . | . . . . . . . Time . | . . . . . . . Total Part Build Rating . | . . . . . . . Parts Repaired . | . . . . . . . Time . | . . . . . . . Parts Recycled 1 | . 1 . . . . . Recycled Matter . | . . . . . . . Retrieved Matter . | . . . . . . . Retrieved Components 10 | . 10 . . . . . Parts Scanalyzed 2 | . . . 2 . . . Part Schematics Acquired 2 | . . . 2 . . . Parts Damaged . | . . . . . . . Bothacking | -11 -10 -10 -9 -8 -7 -7 ------------ Run | Yrd Mat Min Mat Mat Fac Gar Used RIF Installer . | . . . . . . . Robots Hacked 1 | . . . . 1 . . Non-combat . | . . . . . . . Combat 1 | . . . . 1 . . Robot Hacks Applied 1 | . . . . 1 . . parse_system 1 | . . . . 1 . . Relay Couplers Released . | . . . . . . . Fabnet Peak Effective % . | . . . . . . . Robots Rewired . | . . . . . . . Allies Hacked . | . . . . . . . Hacks Repelled . | . . . . . . . Allies | -11 -10 -10 -9 -8 -7 -7 -------- Run | Yrd Mat Min Mat Mat Fac Gar Total Allies 6 | . . . 3 3 . . Largest Group 2 | . . . 2 2 . . Highest-Rated Group 42 | . . . 24 42 . . Highest-Rated Ally 21 | . . . 16 21 . . Total Orders . | . . . . . . . Ally Attacks 39 | . . . 24 15 . . Total Damage 203 | . . . 103 100 . . Kills 3 | . . . 3 . . . Allies Corrupted . | . . . . . . . Allies Melted . | . . . . . . . Intel | -11 -10 -10 -9 -8 -7 -7 ------- Run | Yrd Mat Min Mat Mat Fac Gar Robot Analysis Total . | . . . . . . . Derelict Logs Recovered 1 | . . 1 . . . . Drone Launches 33 | . . . 22 11 . . Drone Recoveries 32 | . . . 22 10 . . Exploration | -11 -10 -10 -9 -8 -7 -7 ------------- Run | Yrd Mat Min Mat Mat Fac Gar Turns Passed 4043 | 108 382 642 1011 1110 480 310 Spaces Moved 1977 | 72 231 458 491 455 186 84 Core 21 | 16 . . . 4 . 1 Treads 436 | . . . . 167 186 83 Legs 1048 | 51 231 458 290 18 . . Wheels 472 | 5 . . 201 266 . . Hover . | . . . . . . . Flight . | . . . . . . . Fastest Speed 50 | 50 120 120 110 110 232 232 Average Speed 160 | 101 120 120 172 173 232 248 Slowest Speed 800 | 120 120 120 400 330 232 800 Overloaded Moves . | . . . . . . . Propulsion Burnouts . | . . . . . . . Robots Hopped . | . . . . . . . Cave-ins Triggered . | . . . . . . . Exploration Rate (%) 32 | 6 44 79 52 26 6 13 Regions Visited 6 Branch Regions 1 Pre-discovered Areas 1 | . . 1 . . . . Known Exits Taken 2 | . . . . 1 1 . Unknown Exits Taken 4 | 1 1 1 1 . . . Scrap Searched . | . . . . . . . Spaces Dug . | . . . . . . . Terrain Destroyed 402 | . 34 3 197 156 . 12 Melee . | . . . . . . . Projectile 5 | . . 3 . 2 . . AOE 397 | . 34 . 197 154 . 12 Terrain Rammed . | . . . . . . . Walls Destroyed . | . . . . . . . Machines Disabled . | . . . . . . . Actions | -11 -10 -10 -9 -8 -7 -7 --------- Run | Yrd Mat Min Mat Mat Fac Gar Total 2565 | 99 299 502 610 688 219 148 Wait 142 | . . 22 8 105 5 2 Move 1971 | 71 230 457 490 454 185 84 Hop . | . . . . . . . Pick Up 115 | 11 19 2 42 30 6 5 Fast Attach . | . . . . . . . Attach 51 | 8 3 1 7 17 3 12 Detach 5 | 2 . . . 2 . 1 Swap 54 | 2 12 2 12 17 4 5 Drop 66 | 1 11 2 25 16 4 7 Fire 135 | 4 24 16 25 40 5 21 Melee 21 | . . . . 7 7 7 Ram . | . . . . . . . Kick . | . . . . . . . Crush . | . . . . . . . Escape Stasis 4 | . . . . . . 4 Rewire 1 | . . . 1 . . . Trap . | . . . . . . . Miscellaneous . | . . . . . . . Route ------- -11/Scrapyard -10/Materials (discovered 2 exits: *Min x2) -10/Mines -9/Materials (discovered 2 exits: *Mat / [*Min]) -8/Materials (discovered 2 exits: *Fac / Gar) -7/Factory -7/Garrison History --------- Turn | Location | Event 2 | -11/Scrapyard | Met Revision 17 66 | -11/Scrapyard | Discovered new exit (range 8) 109 | -11/Scrapyard | Entered Materials 233 | -10/Materials | Discovered new exit (range 12) 320 | -10/Materials | Build established: Mutant 466 | -10/Materials | Discovered new exit (range 11) 491 | -10/Materials | Entered Mines 754 | -10/Mines | Found the Drone Emporium 759 | -10/Mines | Found Prototype Device 797 | -10/Mines | Learned location of Storage (-7) 1005 | -10/Mines | Excavation squad dispatched 1005 | -10/Mines | A large section of the Mines collapsed 1120 | -10/Mines | Discovered new exit (range 11) 1133 | -10/Mines | Entered Materials 1133 | -9/Materials | Evolved 2 slots: Utility x1, Weapon x1 1133 | -9/Materials | Identified Splice Drone Bay 1427 | -9/Materials | Build established: Skirmisher 1605 | -9/Materials | Discovered new exit (range 8) 1947 | -9/Materials | Discovered new exit (range 12) 2144 | -9/Materials | Entered another Materials area 2144 | -8/Materials | Evolved 2 slots: Utility x2 2162 | -8/Materials | Garrison activated, responded to threat 2213 | -8/Materials | Lost 3 parts (1n2w) 2320 | -8/Materials | Identified exit to Garrison 2382 | -8/Materials | Lost 3 parts (1n1u1w) 2427 | -8/Materials | Lost 3 parts (1n1u1w) 2897 | -8/Materials | Build established: Tank 3174 | -8/Materials | Discovered new exit (range 12) 3252 | -8/Materials | Identified exit to Factory 3254 | -8/Materials | Entered Factory 3254 | -7/Factory | Evolved 2 slots: Utility x1, Weapon x1 3576 | -7/Factory | Found Powered Armor 3727 | -7/Factory | Identified exit to Garrison 3734 | -7/Factory | Entered Garrison 3965 | -7/Garrison | Triggered checkpoint 3972 | -7/Garrison | Triggered checkpoint 4003 | -7/Garrison | Core integrity fell below 50% 4034 | -7/Garrison | Core integrity fell below 20% 4044 | -7/Garrison | Destroyed by Y-54 Guardian with Gatling Laser Last Messages --------------- 04031_ Particle Gun destroyed. 04033_ Overheating: Matter decay (-5). 04035_ Overheating: Energy bleed (-1). 04036_ Overheating: Assault Cannon damaged (-74). 04038_ Overheating: Energy bleed (-2). 04039_ Power failure, Cld. Ion Engine shutdown. 04039_ Overheating: Energy bleed (-3). 04040_ Overheating: Cld. Ion Engine damaged (-20). 04040_ Overheating: Imp. Targeting Computer damaged (-6). 04040_ Overheating: Broken Signal Interpreter damaged (-1). 04040_ Gatling Laser destroyed. 04041_ Y-54 Guardian destroyed. 04041_ Assault Cannon destroyed. 04043_ VV|ZO5GX=7AR M=QA:Q3V|R,AQC [Achievement: First Step to Greatness] [Achievement: 5k Club] Map ----- +----------------------------------------------------+ | ?????????????????????????????????????????????????? | | ?????????????????????????????????????????????????? | | ?????????????????????????????????????????????????? | | #????????????????????????????????????????????????? | | #?????###????????????????????????????????????????? | | ####### ###########################??????????????? | | ! * #??????????????? | | [=[ ^ #??????????????? | | ^ ##?????????????? | | ######################### ##### T#?????????????? | | ????????????????????????# #???# ##?????????????? | | ????????????????????????# #???# #??????????????? | | ????????????????????????# #???# #??????????????? | | ????????????????????????# #???# #??????????????? | | ?????????????????????#### ##### #??????????????? | | ?????????????????????#!!# #!!## #??????????????? | | ?????????????????????#!!# #! ## #??????????????? | | ?????????????????????#!|+!+! ## #??????????????? | | ?????????????????????# !# #!!## #??????????????? | | ?????????????????????#!!# #!!## #??????????????? | | ?????????????????????#### ##### #??????????????? | | ????????????????????????# #???# #??????????????? | | ????????????????????????# #???# ##?????????????? | | ??????????? ?????????# ##### # ?????????? | | ?????????/ ###### # # ????????? | | ????????????????# p @ g =% ????????? | | ????????????????# % ! %|Y [ ????????? | | ????????????????#########+## ^#????????? | | ????????????????????????#%#??## #????????? | | ????????????????????????# ?????? ?????????? | | ????????????????????????###???????? ??????????? | | ????????????????????????????????????? ??????????? | | ?????????????????????????????????????????????????? | | ?????????????????????????????????????????????????? | | ?????????????????????????????????????????????????? | | ?????????????????????????????????????????????????? | | ?????????????????????????????????????????????????? | | ?????????????????????????????????????????????????? | | ?????????????????????????????????????????????????? | | ?????????????????????????????????????????????????? | | ?????????????????????????????????????????????????? | | ?????????????????????????????????????????????????? | | ?????????????????????????????????????????????????? | | ?????????????????????????????????????????????????? | | ?????????????????????????????????????????????????? | | ?????????????????????????????????????????????????? | | ?????????????????????????????????????????????????? | | ?????????????????????????????????????????????????? | | ?????????????????????????????????????????????????? | | ?????????????????????????????????????????????????? | +----------------------------------------------------+ Best States ------------- Heat Dissipation 39 Energy Generation 14 Energy Capacity 280 Matter Stores 300 Matter Capacity 300 Sight Range 16 Terrain Scan Range 16 Terrain Scan Density 10 ECM Strength 1 Additional Mass Support 9 Armor Coverage 1225 Core Shielding 20 Evasion (%) 55 Recoil Reduction 2 Item Schematics ----------------- Lgt. Ion Engine | -9/Materials | Scanalyzed Core Shielding | -9/Materials | Scanalyzed Robot Schematics ------------------ None Fabricated ------------ Nothing Alien Tech Used ----------------- None Achievements -------------- 5k Club Backstab Error 47 Factory Defaults First Step to Greatness It's Just You Made in Tau Ceti IV One Hack Too Far Please Form A Line Power Corrupts Release The Drones! Remodeling Risk Taker Storm Trooper Troublemaker Uninvited Guest Challenges ------------ None Game ------ Seed TeslaDisruptionPrototype Manual? 0 Play Time 02:24:43 Cumulative 2.4 hours Start 2024.06.27 @ 20:17:21 End 2024.06.27 @ 23:10:04 Sessions 1 Manual Loads 0 Difficulty Rogue Special Mode None Game No. 1 Rogue 1 Adventurer 0 Explorer 0 Win Type - Total 0 Types 0/0/0/0/0/0/0/0/0 Lore% 0 Gallery% 4 Achievement% 6 Wizard Run 0 Options --------- Layout 1 ASCII 0 Keyboard 0 Movement Mouse Keybinds 0 Fullscreen 1 Font 24/X11 Map View 50x35 Zoom Use 0% Tactical HUD 1 Map Filters NONE Filters NONE Steam 1 RUN: c5825e94-eba1-42e3-bf55-5a4a68c7e83c